 Dungeon Crawl Stone Soup version 0.29-a0-620-g13ace881f2 (webtiles) character file.

Game seed: 14552346600495873894

31 CollectiveS the Skirmisher (level 3, -1/29 HPs)
             Began as a Demonspawn Fighter on June 19, 2022.
             Slain by an adder (3 damage)
             ... on level 2 of the Dungeon.
             The game lasted 00:02:34 (1161 turns).

CollectiveS the Skirmisher (Demonspawn Fighter)     Turns: 1161, Time: 00:02:34

Health: -1/29      AC:  9    Str: 18    XL:     3   Next: 7%
Magic:  3/3        EV:  7    Int:  9    God:
Gold:   35         SH:  4    Dex: 12    Spells: 2/2 levels left

rFire   . . .      SeeInvis .   a - +0 flail
rCold   . . .      Faith    .   c - +0 buckler
rNeg    . . .      Spirit   .   j - +0 chain mail
rPois   .          Reflect  .   (no helmet)
rElec   .          Harm     .   (no cloak)
rCorr   .          Rampage  .   (no gloves)
Will    .....                   (no boots)
Stlth   ..........              (no amulet)
HPRegen 0.09/turn               (no ring)
MPRegen 0.08/turn               (no ring)

@: no status effects
A: ignite blood 1
a: no special abilities


You were on level 2 of the Dungeon.
You visited 1 branch of the dungeon, and saw 2 of its levels.

You collected 35 gold pieces.

Inventory:

Hand Weapons
 a - a +0 flail (weapon)
 l - a +2 vorpal hand axe
Armour
 c - a +0 buckler (worn)
 j - a +0 chain mail (worn)
Scrolls
 b - a scroll of teleportation {unknown}
 h - a scroll of identify {unknown}
Potions
 d - a potion of might
 e - a potion of berserk rage {unknown}
 f - a potion of flight {unknown}
 g - a potion of curing {unknown}
 i - a potion of invisibility {unknown}
 k - 2 potions of lignification {unknown}


   Skills:
 - Level 3.3 Fighting
 * Level 2.2 Maces & Flails
 - Level 2.9 Armour
 - Level 0.6 Dodging
 - Level 3.0 Shields


You had 2 spell levels left.
You didn't know any spells.
Your spell library was empty.

Dungeon Overview and Level Annotations

Branches:
Dungeon (2/15)

Altars:


Innate Abilities, Weirdness & Mutations

Your demonic aura sometimes causes spilled blood to erupt in flames.


Message History

The adder barely misses you.
You are too injured to fight recklessly!
You are too injured to fight recklessly!
You are too injured to fight recklessly!
You are too injured to fight recklessly!
You are too injured to fight recklessly!
You miss the adder. You block the adder's attack. The adder bites you.
* * * LOW HITPOINT WARNING * * *
You are poisoned.
The adder poisons you!
You barely miss the adder.
* * * LOW HITPOINT WARNING * * *
You feel sick. The adder closely misses you.
The adder bites you but does no damage.
You closely miss the adder.
You feel sick. The adder barely misses you.
The adder bites you but does no damage.
Unknown command.
You barely miss the adder.
* * * LOW HITPOINT WARNING * * *
You feel sick. The adder barely misses you.
You miss the adder.
You feel sick.
You are no longer poisoned.
You block the adder's attack. The adder bites you but does no damage.
Unknown command.
Unknown command.
You hit the adder but do no damage.
The adder bites you but does no damage. x2
Unknown command.
Unknown command.
You closely miss the adder. The adder bites you but does no damage.
The endoplasm jiggles.
You block the adder's attack.
Unknown command.
Unknown command.
You miss the adder. The adder bites you.
* * * LOW HITPOINT WARNING * * *
Unknown command.
Unknown command.
Unknown command.
You barely miss the adder. The adder bites you.
You die...

.# #.........# .#
#...###'###########
.#### #
#...##............#
..... .
#...##............#
#####
###.#...##............#
.....
.<..######............#
.....
.............>........#
#....
...#....#........#####
# ### #...JS@.#.##### #
#....####.# #
###.#....# #.# ..
..........## ...
####.#.....# ###
#.#.......# #
#...?......#
#...........
###.....#...


You could see an adder and an endoplasm.

Vanquished Creatures
  A dart slug (D:1)
  4 ball pythons (D:1)
  4 endoplasms
  3 giant cockroaches
  2 goblins
  4 hobgoblins
  A kobold (D:1)
  A quokka (D:1)
  2 frilled lizards
  3 rats
25 creatures vanquished.

Notes
Turn   | Place    | Note
-------+----------+-------------------------------------------
     0 | D:1      | CollectiveS the Demonspawn Fighter began the quest for the
                  | Orb.
     0 | D:1      | Reached XP level 1. HP: 18/18 MP: 1/1
   257 | D:1      | Gained mutation: Your demonic aura sometimes causes spilled
                  | blood to erupt in flames. [demonic ancestry]
   257 | D:1      | Reached XP level 2. HP: 14/24 MP: 2/2
  1041 | D:2      | Reached XP level 3. HP: 29/29 MP: 3/3
  1161 | D:2      | Slain by an adder

Illustrated notes

Levels and vault maps discovered:
D:1:      matt_arrival_grand_opening, layout_loops_cross,
          chequers_serial_rivers_micro_b
D:2:      layout_basic, eino_curves_04

Skill      XL: |  1  2 |
---------------+-------+-----
Maces & Flails | 2 |  2.2
Shields        | 3 |  3.0
Fighting       | |  3.3
Armour         | |  2.9
Dodging        | |  0.6

Action                   || total
-------------------------++-------
Melee: Flail             ||    88
Armor: Scale mail        ||    34
       Chain mail        ||     9
Dodge: Dodged            ||    41
Block: Buckler           ||    20

Table legend: (Time is in decaauts)
 A = Elapsed time spent in this place.
 B = Non-inter-level travel time spent in this place.
 C = Inter-level travel time spent in this place.
 D = Time resting spent in this place.
 E = Time spent auto-exploring this place.
 F = Levels seen in this place.
 G = Mean time per level.
                   A        B        C        D        E       F      G
               +--------+--------+--------+--------+--------+-----+--------+
         Total |   1192 |   1171 |     21 |      0 |    925 |   2 |  596.0 |
       Dungeon |   1192 |   1171 |     21 |      0 |    925 |   2 |  596.0 |
               +--------+--------+--------+--------+--------+-----+--------+

Top non-repeatable levels by time:
     D:1: 970 daAuts
     D:2: 222 daAuts
